 Dungeon Crawl Stone Soup version 0.21-a0-140-g479285b (webtiles) character file.

9 Chiseanne the Magician (level 2, 20/20 HPs)
             Began as a Demonspawn Wanderer on July 21, 2017.
             Quit the game on level 1 of the Dungeon.
             The game lasted 00:00:48 (449 turns).

Chiseanne the Magician (Demonspawn Wanderer)         Turns: 449, Time: 00:00:48

Health: 20/20      AC:  2    Str: 12    XL:     2   Next: 3%
Magic:  7/7        EV: 11    Int: 15    God:
Gold:   34         SH:  0    Dex: 10    Spells: 8/9 levels left

rFire    . . .     SeeInvis .   d - +0 club
rCold    . . .     Gourm    .   (no shield)
rNeg     . . .     Faith    .   c - +0 robe
rPois    .         Spirit   .   (no helmet)
rElec    .         Reflect  .   (no cloak)
rCorr    .         Harm     .   (no gloves)
MR       .....                  (no boots)
Stlth    +.........             (no amulet)
HPRegen  0.06/turn              (no ring)
MPRegen  0.10/turn              (no ring)

@: no status effects
A: claws 1
a: no special abilities


You were on level 1 of the Dungeon.
You were not hungry.

You visited 1 branch of the dungeon, and saw 1 of its levels.

You collected 34 gold pieces.

Inventory:

Hand Weapons
 d - a +0 club (weapon)
Missiles
 e - 25 stones (quivered)
Armour
 c - a +0 robe (worn)
Wands
 b - a wand of random effects (15/48)
Scrolls
 k - a scroll of identify {unknown}
Potions
 h - a potion of ambrosia {unknown}
 i - a potion of haste {unknown}
 j - a potion of flight {unknown}
Books
 a - a book of Minor Magic

   Spells                             Type                      Level
   a - Magic Dart                     Conjuration                  1
   b - Blink                          Translocation                2
   c - Call Imp                       Summoning                    2
   d - Slow                           Hexes                        2
   e - Conjure Flame                  Conjuration/Fire             3
   f - Mephitic Cloud                 Conjuration/Poison/Air       3
Comestibles
 f - a bread ration
 g - 2 meat rations


   Skills:
 * Level 0.4 Fighting
 - Level 1.0 Throwing
 * Level 0.8 Dodging
 * Level 4.0 Spellcasting
 * Level 0.8 Conjurations
   Level 1.7 Charms
   Level 1.1 Necromancy
   Level 1.0 Poison Magic
 - Level 1.0 Evocations


You had 8 spell levels left.
You knew the following spells:

 Your Spells              Type           Power        Failure   Level  Hunger
a - Magic Dart            Conj           #...         13%         1    None


Dungeon Overview and Level Annotations

Branches:
Dungeon (1/15)

Altars:


Innate Abilities, Weirdness & Mutations

You have sharp fingernails.


Message History

Press: ? - help, Shift-Dir - straight line, f/p - hobgoblin
Aim: a hobgoblin (heavily wounded)
The magic dart hits the hobgoblin.
The hobgoblin is almost dead.
The hobgoblin barely misses you.
Casting: Magic Dart
Confirm with . or Enter, or press ? or * to list all spells.
You don't have enough magic to cast that spell.
Casting: Magic Dart
Confirm with . or Enter, or press ? or * to list all spells.
You don't have enough magic to cast that spell.
Casting: Magic Dart
Confirm with . or Enter, or press ? or * to list all spells.
You don't have enough magic to cast that spell.
You hit the hobgoblin.
You kill the hobgoblin!
You have reached level 2!
Your demonic ancestry asserts itself...
Your fingernails lengthen.
Are you sure you want to abandon this character and quit the game? (Confirm with "yes".)

#.# #.# ##.#
##### ###.##
#.....
.....###....
..
......#.###.#
.#####
#.......##...
.... #....#..#
#.####†##.#
#.#.##..#
#.....@.?.#
#.#.##..#
#..###.##.....
#.#.##..###..#
#.# )#>
..#.##.......#
#.#
###.###.###.##
#.. ..#.# #.#
#.# ### #.#.#
#.# #.# ..
....# #.# #.#
.# #.###
#.###.# ##.###


There were no monsters in sight!

Vanquished Creatures
  A leopard gecko (D:1)
  A bat (D:1)
  A goblin (D:1)
  2 hobgoblins (D:1)
  2 rats (D:1)
7 creatures vanquished.

Notes
Turn   | Place    | Note
-------+----------+-------------------------------------------
     0 | D:1      | Chiseanne the Demonspawn Wanderer began the quest for the Orb.
     0 | D:1      | Chiseanne set off with: a book of Minor Magic, a wand of random effects (15/48), a +0 robe, a +0 club, a bread ration
     0 | D:1      | Reached XP level 1. HP: 13/13 MP: 5/5
     3 | D:1      | Learned a level 1 spell: Magic Dart
   384 | D:1      | Gained mutation: You have sharp fingernails. [demonic ancestry]
   384 | D:1      | Reached XP level 2. HP: 19/20 MP: 0/7
   449 | D:1      | Quit the game

Vault maps used:
D:1:      dpeg_arrival_tiny_j, nrook_loot_triangle

Action                   || total
-------------------------++-------
Melee: Club              ||     2
 Cast: Magic Dart        ||    20
Armor: Robe              ||     2
Dodge: Dodged            ||     5
